 Dungeon Sprint DCSS version 0.27-a0-103-g6cd7b45605 (webtiles) character file.

Game seed: 9035010045808165190

17037 mhtbhm the Sensei (level 12, -2/89 HPs)
             Began as a Merfolk Transmuter on Jan 24, 2021.
             Was the Champion of Makhleb.
             Slain by a vampire mosquito (6 damage)
             ... in the Dungeon (Sprint IX: "|||||||||||||||||||||||||||||").
             The game lasted 00:08:12 (3000 turns).

mhtbhm the Sensei (Merfolk Transmuter)              Turns: 3000, Time: 00:08:13

Health: -2/89      AC: 10    Str: 14    XL:     12   Next: 43%
Magic:  26/29      EV: 23    Int: 13    God:    Makhleb [******]
Gold:   185        SH:  0    Dex: 15    Spells: 23/38 levels left

rFire    + . .     SeeInvis .     - Unarmed
rCold    . . .     Faith    .   (shield currently unavailable)
rNeg     . . .     Spirit   .   a - +2 robe {rF+}
rPois    .         Reflect  .   k - +0 helmet
rElec    .         Harm     .   l - +0 cloak
rCorr    .         Rampage  .   (gloves currently unavailable)
Will     .....     NoTele   +   B - +1 pair of boots
Stlth    +++.......             (no amulet)
HPRegen  0.24/turn              m - +2 ring of protection
MPRegen  0.21/turn              n - +2 ring of evasion

@: blade hands, wereblooded
A: change form in water, swift swim, stealthy swim
a: End Transformation, Renounce Religion, Minor Destruction, Lesser Servant of
Makhleb, Major Destruction, Greater Servant of Makhleb


You were in the Dungeon.
You worshipped Makhleb.
Makhleb was exalted by your worship.
You had blades for hands.
You visited 1 branch You collected 1867 gold pieces.
You spent 1682 gold pieces at shops.

Inventory:

Armour
 a - a +2 robe of fire resistance (worn)
 k - a +0 helmet (worn)
 l - a +0 cloak (worn)
 u - a +0 pair of gloves (melded)
 v - a +0 pair of boots
 B - a +1 pair of boots (worn)
Jewellery
 m - a +2 ring of protection (left scythe-like blade)
 n - a +2 ring of evasion (right scythe-like blade)
 z - an uncursed ring of poison resistance
 A - an uncursed ring of see invisible
Wands
 j - a wand of acid (7)
 w - a wand of disintegration (12)
Scrolls
 g - 6 scrolls of remove curse
 i - 2 scrolls of amnesia
 r - 4 scrolls of enchant weapon
 s - 8 scrolls of enchant armour
 t - a scroll of magic mapping
Potions
 b - a potion of invisibility
 c - 6 potions of curing
 d - 4 potions of heal wounds
 e - a potion of haste
 f - 4 potions of magic
 h - 2 potions of mutation
 o - 4 potions of berserk rage
 p - a potion of resistance
 x - a potion of cancellation
Miscellaneous
 q - a tin of tremorstones (2/2)
 y - a phial of floods


   Skills:
 * Level 6.7 Fighting
 + Level 12.6 Dodging
 - Level 5.1 Stealth
 + Level 21.2 Unarmed Combat
 + Level 13.5 Spellcasting
 + Level 16.1 Transmutations
 + Level 2.7 Ice Magic
 + Level 1.9 Poison Magic
 + Level 2.4 Evocations


You had 23 spell levels left.
You knew the following spells:

 Your Spells              Type           Power        Failure   Level
a - Beastly Appendage     Tmut           100%         3%          1
b - Wereblood             Tmut           50%          3%          2
c - Spider Form           Tmut/Pois      16%          12%         3
d - Ice Form              Ice/Tmut       33%          19%         4
e - Blade Hands           Tmut           25%          10%         5

Your spell library contained the following spells:

 Spells                   Type           Power        Failure   Level
 Sting                    Tmut/Pois      100%         9%          1
 Magic Dart               Conj           32%          41%         1
 Shock                    Conj/Air       32%          41%         1
 Blink                    Tloc           N/A          50%         2
 Call Imp                 Summ           8%           50%         2
 Searing Ray              Conj           16%          50%         2
 Slow                     Hex            8%           50%         2
 Mephitic Cloud           Conj/Pois/Air  10%          61%         3
 Conjure Flame            Conj/Fire      8%           67%         3
 Dazzling Flash           Conj/Hex       16%          67%         3
 Static Discharge         Conj/Air       8%           67%         3
 Fulminant Prism          Conj/Hex       4%           92%         4
 Starburst                Conj/Fire      4%           100%        6


Dungeon Overview and Level Annotations

Branches:
Dungeon (1/1)

Altars:
Cheibriados
Dithmenos
Elyvilon
Fedhas
Gozag
Hepliaklqana
Kikubaaqudgha
Makhleb
Nemelex Xobeh
Okawaru
Qazlal
Ru
Sif Muna
Trog
Uskayaw
Vehumet
Wu Jian
Xom
Yredelemnul
Zin
The Shining One
Beogh
Jiyva
Lugonu

Shops:
D :((*


Message History

The vampire mosquito bites you!
The vampire mosquito draws strength from your injuries!
The death knight hits you from afar with a +4 glaive!!
You slash the vampire mosquito!
The vampire mosquito is moderately damaged.
The vampire mosquito bites you.
The vampire mosquito draws strength from your injuries!
The vampire mosquito bites you!
The vampire mosquito draws strength from your injuries!
The kobold demonologist casts a spell.
The death knight hits you from afar with a +4 glaive!!!
* * * LOW HITPOINT WARNING * * *
Unknown command.
Blink to where?
Press: ? - help, Dir - move target
As you read the scroll of blinking, it crumbles to dust.
You feel yourself speed up.
The vampire mosquito closely misses you.
The vampire mosquito bites you.
You die...

▓_▓.▓.▓.▓.▓.▓[▓
▓_▓.▓.▓.▓.▓.▓.▓
▓_▓.▓.▓.▓.▓.▓[▓
▓_▓.▓.▓.▓)▓.▓[▓
▓_▓.▓.▓.▓)▓.▓[▓
▓_▓.▓.▓.▓)▓.▓[▓
▓_▓†▓.▓)▓)▓.▓[▓
▓_▓.▓†▓.▓.▓.▓[▓
▓_▓.▓.▓.▓.▓.▓@▓
▓_▓.▓†▓.▓)▓.▓y▓
▓_▓.▓.▓.▓.▓.▓.▓
▓_▓.▓.▓.▓.▓.▓.▓
▓_▓.▓.▓.▓.▓.▓.▓
▓_▓.▓.▓.▓.▓.▓.▓
▓_▓.▓.▓.▓.▓.▓.▓
▓_▓.▓.▓.▓)▓.▓.▓
▓_▓.▓.▓.▓'▓.▓p▓


You could see a vampire mosquito.

Vanquished Creatures
  Erolcha (D)
  2 hydras (D)
  7 two-headed ogres (D)
  4 ogre magi (D)
  An orc high priest (D)
  An unseen horror (D)
  An orc knight (D)
  A manticore (D)
  A black mamba (D)
  Maurice (D)
  A cane toad (D)
  A komodo dragon (D)
  A freezing wraith (D)
  4 polar bears (D)
  5 wyverns (D)
  A yak (D)
  A vampire mosquito (D)
  3 water moccasins (D)
  12 orc warriors (D)
  2 eyes of draining (D)
  6 black bears (D)
  2 ogres (D)
  3 wolves (D)
  A quasit (D)
  4 orc wizards (D)
  3 orc priests (D)
  An iguana (D)
  2 worker ants (D)
  An adder (D)
  2 ufetubi (D)
  An adder zombie (D)
  7 orcs (D)
  A bat skeleton (D)
  2 goblins (D)
  A jackal zombie (D)
  2 kobolds (D)
  A rat (D)
91 creatures vanquished.

Notes
Turn   | Place    | Note
-------+----------+-------------------------------------------
     0 | D        | mhtbhm the Merfolk Transmuter began the quest for the Orb.
     0 | D        | Reached XP level 1. HP: 15/15 MP: 3/3
    10 | D        | Banished a spatial maelstrom
    21 | D        | Reached skill level 4 in Unarmed Combat
   226 | D        | Noticed an orc priest
   230 | D        | Reached skill level 5 in Unarmed Combat
   230 | D        | Reached XP level 2. HP: 21/21 MP: 3/5
   236 | D        | Reached skill level 6 in Unarmed Combat
   236 | D        | Reached XP level 3. HP: 18/26 MP: 3/7
   248 | D        | Found a roughly hewn altar of Beogh.
   248 | D        | Found a snail-covered altar of Cheibriados.
   248 | D        | Found a shadowy altar of Dithmenos.
   248 | D        | Found a white marble altar of Elyvilon.
   248 | D        | Found a blossoming altar of Fedhas.
   248 | D        | Found an opulent altar of Gozag.
   249 | D        | Found a hazy altar of Hepliaklqana.
   250 | D        | Found a viscous altar of Jiyva.
   251 | D        | Found an ancient bone altar of Kikubaaqudgha.
   252 | D        | Found a corrupted altar of Lugonu.
   253 | D        | Found a burning altar of Makhleb.
   254 | D        | Found a sparkling altar of Nemelex Xobeh.
   255 | D        | Found an iron altar of Okawaru.
   256 | D        | Found a stormy altar of Qazlal.
   257 | D        | Found a sacrificial altar of Ru.
   258 | D        | Found a shimmering blue altar of Sif Muna.
   259 | D        | Found a bloodstained altar of Trog.
   260 | D        | Found a hide-covered altar of Uskayaw.
   261 | D        | Found a radiant altar of Vehumet.
   263 | D        | Became a worshipper of Makhleb the Destroyer
   295 | D        | Found an ornate altar of the Wu Jian Council.
   296 | D        | Found a shimmering altar of Xom.
   297 | D        | Found a basalt altar of Yredelemnul.
   298 | D        | Found a glowing silver altar of Zin.
   376 | D        | Found a glowing golden altar of the Shining One.
   417 | D        | Learned a level 2 spell: Wereblood
   421 | D        | Learned a level 3 spell: Spider Form
   423 | D        | Noticed an eye of draining
   423 | D        | Noticed an orc warrior
   426 | D        | Reached skill level 7 in Unarmed Combat
   426 | D        | Reached XP level 4. HP: 33/33 MP: 0/9
   428 | D        | Reached skill level 1 in Stealth
   428 | D        | Reached skill level 8 in Unarmed Combat
   431 | D        | Killed an eye of draining
   431 | D        | Reached * piety under Makhleb
   432 | D        | Reached skill level 5 in Dodging
   432 | D        | Reached skill level 9 in Unarmed Combat
   432 | D        | Reached skill level 5 in Transmutations
   432 | D        | Reached XP level 5. HP: 26/39 MP: 1/11
   439 | D        | Killed an unseen horror
   440 | D        | Reached skill level 13 in Unarmed Combat
   440 | D        | Reached skill level 1 in Poison Magic
   440 | D        | Reached XP level 6. HP: 45/48 MP: 1/15
   440 | D        | Reached XP level 7. HP: 51/54 MP: 1/16
   446 | D        | Reached ** piety under Makhleb
   619 | D        | Learned a level 4 spell: Ice Form
   625 | D        | Learned a level 5 spell: Blade Hands
   627 | D        | Noticed a manticore
   631 | D        | Killed a manticore
   632 | D        | Reached skill level 14 in Unarmed Combat
   632 | D        | Reached XP level 8. HP: 39/61 MP: 9/18
   636 | D        | Reached *** piety under Makhleb
   840 | D        | Noticed a seven-headed hydra
   840 | D        | Noticed a six-headed hydra
   840 | D        | Noticed a komodo dragon
   840 | D        | Noticed a cane toad
   842 | D        | Noticed a yak
  1223 | D        | Killed a ten-headed hydra
  1223 | D        | Reached **** piety under Makhleb
  1224 | D        | Reached skill level 5 in Fighting
  1224 | D        | Reached skill level 15 in Unarmed Combat
  1224 | D        | Reached XP level 9. HP: 53/68 MP: 19/21
  1539 | D        | Killed a six-headed hydra
  1540 | D        | Reached skill level 10 in Dodging
  1540 | D        | Reached skill level 10 in Transmutations
  1540 | D        | Reached skill level 1 in Ice Magic
  1540 | D        | Reached skill level 1 in Evocations
  1568 | D        | Killed a cane toad
  1572 | D        | Killed a komodo dragon
  1573 | D        | Reached skill level 16 in Unarmed Combat
  1573 | D        | Reached XP level 10. HP: 63/74 MP: 21/23
  1713 | D        | Noticed a black mamba
  1720 | D        | Killed a black mamba
  1720 | D        | Reached ***** piety under Makhleb
  1721 | D        | Reached skill level 10 in Spellcasting
  1799 | D        | Reached ****** piety under Makhleb
  1844 | D        | Reached skill level 17 in Unarmed Combat
  1947 | D        | Noticed Maurice
  1955 | D        | Killed Maurice
  1956 | D        | Reached XP level 11. HP: 81/81 MP: 21/26
  2079 | D        | Noticed an orc knight
  2079 | D        | Noticed an orc high priest
  2087 | D        | Killed an orc knight
  2088 | D        | Reached skill level 18 in Unarmed Combat
  2097 | D        | Noticed a soul eater
  2105 | D        | Noticed a soul eater
  2363 | D        | Noticed a soul eater
  2363 | D        | Killed an orc high priest
  2500 | D        | Found Synikk's Book Emporium.
  2500 | D        | Noticed a two-headed ogre
  2500 | D        | Noticed an ogre mage
  2500 | D        | Noticed a two-headed ogre
  2500 | D        | Noticed an ogre mage
  2500 | D        | Noticed a two-headed ogre
  2504 | D        | Killed a two-headed ogre
  2505 | D        | Reached skill level 19 in Unarmed Combat
  2506 | D        | Killed an ogre mage
  2509 | D        | Killed a two-headed ogre
  2510 | D        | Noticed an ogre mage
  2512 | D        | Killed an ogre mage
  2513 | D        | Found Wegiwag's Weapon Shoppe.
  2516 | D        | Killed a two-headed ogre
  2520 | D        | Reached skill level 20 in Unarmed Combat
  2520 | D        | Found Fabaad's Weapon Emporium.
  2521 | D        | Noticed a two-headed ogre
  2532 | D        | Noticed a two-headed ogre
  2535 | D        | Killed an ogre mage
  2538 | D        | Killed a two-headed ogre
  2539 | D        | Reached skill level 15 in Transmutations
  2539 | D        | Reached XP level 12. HP: 88/88 MP: 18/28
  2542 | D        | Killed a two-headed ogre
  2551 | D        | Noticed a two-headed ogre
  2696 | D        | Killed a two-headed ogre
  2697 | D        | Reached skill level 5 in Stealth
  2700 | D        | Noticed an ogre mage
  2710 | D        | Killed an ogre mage
  2714 | D        | Noticed a two-headed ogre
  2715 | D        | Found Tyotse's General Store.
  2722 | D        | Killed a two-headed ogre
  2726 | D        | Reached skill level 21 in Unarmed Combat
  2768 | D        | Bought the Reference Book on Mutagenic Confrontation for
                  | 616 gold pieces
  2774 | D        | Bought a potion of curing for 42 gold pieces
  2774 | D        | Bought a potion of mutation for 112 gold pieces
  2774 | D        | Bought a potion of cancellation for 112 gold pieces
  2786 | D        | Bought a phial of floods for 560 gold pieces
  2794 | D        | Bought a book of Minor Magic for 240 gold pieces
  2835 | D        | Noticed Erolcha
  2843 | D        | Killed Erolcha
  2932 | D        | Found the +2 shield of Resistance {rF++ rC++ Will++}
  2984 | D        | Noticed a death knight
  2995 | D        | HP: 2/89 [death knight/+4 glaive (38)]
  3000 | D        | Slain by a vampire mosquito

Illustrated notes

Levels and vault maps discovered:
D:        linesprint [early_d, line_temple, items_1, d_10, items_2, lair_1,
          lair_end, items_3, orc_1, orc_end, items_4, d_15, swamp_1, shoals_1,
          snake_1, spider_1, d_20, vaults_1, items_5, swamp_end, shoals_end,
          snake_end, spider_end, vaults_end, d_27, items_6, zot_1, zot_end,
          crypt_end, forest_end, elf_end, slime_end, tomb_end, abyss_end,
          pan_hell_end]

Skill      XL: |  1  2  3  4  5  6  7  8  9 10 11 12 |
---------------+-------------------------------------+-----
Unarmed Combat | 5 6 7 9 13 14 15 16 17 20 21 | 21.2
Transmutations | 3 4 5 7 8 9 11 13 15 16 | 16.1
Dodging        | 3 4 5 7 8 9 10 11 12 | 12.6
Spellcasting   | 3 4 6 7 8 9 11 12 13 | 13.5
Fighting       | 2 4 5 6 |  6.7
Stealth        | 1 2 3 4 5 |  5.1
Poison Magic   | 1 |  1.9
Ice Magic      | 1 2 |  2.7
Evocations     | 1 2 |  2.4

Action                   |  1- 3 |  4- 6 |  7- 9 | 10-12 || total
-------------------------+-------+-------+-------+-------++-------
Melee: Unarmed           |    33 |    13 |    40 |   160 ||   246
       Headbutt          |     2 |       |       |       ||     2
       Punch             |       |       |     1 |    13 ||    14
 Cast: Beastly Appendage |     3 |       |     2 |       ||     5
       Wereblood         |     1 |       |     5 |    10 ||    16
       Spider Form       |     1 |       |       |       ||     1
       Blade Hands       |       |       |     3 |    16 ||    19
       Ice Form          |       |       |     2 |       ||     2
Evoke: Wand              |       |       |     3 |       ||     3
  Use: Potion            |     2 |     1 |       |     4 ||     7
       Scroll            |       |       |     1 |     2 ||     3
 Stab: Sleeping          |       |       |       |     1 ||     1
Armor: Robe              |       |       |     6 |     6 ||    12
       Skin              |       |       |     7 |       ||     7
Dodge: Dodged            |    14 |    12 |    41 |    90 ||   157

Table legend: (Time is in decaauts)
 A = Elapsed time spent in this place.
 B = Non-inter-level travel time spent in this place.
 C = Inter-level travel time spent in this place.
 D = Time resting spent in this place.
 E = Time spent auto-exploring this place.
 F = Levels seen in this place.
 G = Mean time per level.
                   A        B        C        D        E       F      G
               +--------+--------+--------+--------+--------+-----+--------+
         Total |   2928 |   2928 |      0 |   1427 |    466 |   1 | 2928.0 |
       Dungeon |   2928 |   2928 |      0 |   1427 |    466 |   1 | 2928.0 |
               +--------+--------+--------+--------+--------+-----+--------+

Top non-repeatable levels by time:
       D: 2928 daAuts
